 Dungeon Crawl Stone Soup version 0.23-a0-143-g1adec7b (webtiles) character file.

319 galech the Chopper (level 6, 0/48 HPs)
             Began as a Demonspawn Monk on Sept 3, 2018.
             Slain by an unseen horror (5 damage)
             ... on level 5 of the Dungeon.
             The game lasted 00:04:23 (3475 turns).

galech the Chopper (Demonspawn Monk)                Turns: 3475, Time: 00:04:24

Health: 0/48       AC:  6    Str: 12    XL:     6   Next: 21%
Magic:  6/6        EV: 11    Int: 11    God:
Gold:   235        SH:  0    Dex: 19    Spells: 5/5 levels left

rFire    . . .     SeeInvis .   a - +0 hand axe
rCold    . . .     Gourm    .   (no shield)
rNeg     . . .     Faith    .   u - +0 scale mail
rPois    .         Spirit   .   (no helmet)
rElec    .         Reflect  .   d - scarf {repulsion}
rCorr    .         Harm     .   (no gloves)
MR       .....                  (no boots)
Stlth    ++........             (no amulet)
HPRegen  0.16/turn              (no ring)
MPRegen  0.10/turn              (no ring)

@: repel missiles
A: thin skeletal structure 1, demonic guardian 1, spiny 2
a: no special abilities


You were on level 5 of the Dungeon.
You were not hungry.

You visited 1 branch of the dungeon, and saw 5 of its levels.

You collected 235 gold pieces.

Inventory:

Hand Weapons
 a - a +0 hand axe (weapon)
Armour
 d - a scarf of repulsion (worn)
 u - a +0 scale mail (worn)
Jewellery
 v - an uncursed ring of protection from magic {unknown}
Scrolls
 e - 6 scrolls of identify {unknown}
 i - a scroll of blinking {unknown}
 k - 2 scrolls of magic mapping {unknown}
 o - 2 scrolls of remove curse {unknown}
 p - 2 scrolls of teleportation {unknown}
 r - a scroll of fear {unknown}
 t - a scroll of enchant weapon {unknown}
Potions
 b - a potion of invisibility {unknown}
 f - 2 potions of flight {unknown}
 h - 2 potions of curing {unknown}
 j - a potion of ambrosia {unknown}
 l - a potion of haste {unknown}
 m - 2 potions of degeneration {unknown}
 n - 2 potions of agility {unknown}
 q - a potion of brilliance {unknown}
 s - 2 potions of resistance {unknown}
Comestibles
 c - 8 rations


   Skills:
 + Level 3.8 Fighting
 + Level 4.6 Axes
 + Level 2.1 Armour
 + Level 3.5 Dodging
 + Level 2.4 Stealth


You had 5 spell levels left.
You didn't know any spells.
Your spell library contained the following spells:

 Spells                   Type           Power        Failure   Level  Hunger
 Flame Tongue             Conj/Fire      #....        88%         1    ##.....
 Throw Flame              Conj/Fire      #.....       95%         2    ###....
 Conjure Flame            Conj/Fire      #.......     99%         3    ####...
 Inner Flame              Hex/Fire       #.......     99%         3    ####...
 Sticky Flame             Conj/Fire      #.......     100%        4    #####..
 Fireball                 Conj/Fire      #.........   100%        5    ######.


Dungeon Overview and Level Annotations

Branches:
Dungeon (5/15)
 Temple: D:4-7

Altars:
Gozag
Trog


Innate Abilities, Weirdness & Mutations

You have a somewhat thin skeletal structure. (Dex +2, Stealth)
A weak demonic guardian rushes to your aid.
You are mostly covered in sharp spines.


Message History

Deactivating autopickup; reactivate with Ctrl-A.
Found 32 bolts.
Something hits you but does no damage. Something hits you. Something hits you.
Something hits you but does no damage. Something hits you.
You miss something. Something hits you. x2
You closely miss something. Something hits you but does no damage.
You hit something. Something hits you! Something hits you. Something hits you!
* * * LOW HITPOINT WARNING * * *
Something hits you.
* * * LOW HITPOINT WARNING * * *
A jackal comes into view.
The jackal barks!
You hear a bark!
You hear an angry hiss.
Something hits you.
You die...

#....... ...
#....#.. ..#
####......# #.#
#....[..#.# #.#
#..##...#.###.#
##.............#
.........#.###.#
###.#..##.....#
#.#..##.###@#
###.#.......h....#
+....#.##.###.#.(#
#.........# #....#
#.##.#........# .#
.###.##.####.##...
.. ........# #.#
... .. .###<##.#
##..# ### #.##.#


You could see a jackal.

Vanquished Creatures
  Edmund (D:4)
  A worker ant (D:4)
  2 adders (D:4)
  5 dart slugs
  An orc (D:3)
  8 bats
  3 giant cockroaches
  14 goblins
  2 hobgoblins (D:1)
  8 jackals
  2 quokkas (D:3)
  2 frilled lizards
  11 kobolds
  10 rats
  4 toadstools (D:1)
74 creatures vanquished.

Vanquished Creatures (collateral kills)
  A sky beast (D:5)
  A hound (D:4)
2 creatures vanquished.

Grand Total: 76 creatures vanquished

Notes
Turn   | Place    | Note
-------+----------+-------------------------------------------
     0 | D:1      | galech the Demonspawn Monk began the quest for the Orb.
     0 | D:1      | Reached XP level 1. HP: 18/18 MP: 1/1
   203 | D:1      | Gained mutation: A weak demonic guardian rushes to your
                  | aid. [demonic ancestry]
   203 | D:1      | Reached XP level 2. HP: 3/24 MP: 2/2
   450 | D:1      | Reached skill level 3 in Axes
   513 | D:1      | Gained mutation: You are partially covered in sharp spines.
                  | [demonic ancestry]
   513 | D:1      | Reached XP level 3. HP: 16/29 MP: 3/3
  1094 | D:2      | Found a bloodstained altar of Trog.
  1626 | D:3      | Found an opulent altar of Gozag.
  1760 | D:3      | Gained mutation: You have a somewhat thin skeletal
                  | structure. (Dex +2, Stealth) [demonic ancestry]
  1760 | D:3      | Reached XP level 4. HP: 32/35 MP: 4/4
  2173 | D:4      | Reached skill level 4 in Axes
  2241 | D:4      | Reached skill level 1 in Armour
  2241 | D:4      | Gained mutation: You are mostly covered in sharp spines.
                  | [demonic ancestry]
  2241 | D:4      | Reached XP level 5. HP: 25/41 MP: 5/5
  2651 | D:4      | Noticed Edmund
  2673 | D:4      | HP: 2/41 [Edmund/flail of protection (5)]
  2996 | D:4      | Killed Edmund
  3329 | D:5      | Entered Level 5 of the Dungeon
  3333 | D:5      | Noticed a sky beast
  3348 | D:5      | Killed a sky beast
  3348 | D:5      | Reached XP level 6. HP: 24/48 MP: 6/6
  3475 | D:5      | Slain by an unseen horror

Vault maps used:
D:1:      ldierk_water_garden
D:2:      trog_three_pillars_becter
D:3:      grunt_gozag_statues
D:4:      serial_glass, glass_columns_a, glass_columns_b, first_ration,
          uniq_edmund
D:5:      nicolae_ru_awakened_eye, minmay_temple_entry_enclosed_plants,
          basic_altar, evilmike_ruin_ashenzari

Skill      XL: |  1  2  3  4  5 |
---------------+----------------+-----
Dodging        | 3 |  3.5
Stealth        | 2 |  2.4
Axes           | 3 4 |  4.6
Armour         | 1 2 |  2.1
Fighting       | |  3.8

Action                   |  1- 3 |  4- 6 || total
-------------------------+-------+-------++-------
Melee: Hand axe          |   123 |    75 ||   198
 Stab: Sleeping          |     2 |       ||     2
       Distracted        |       |     1 ||     1
  Eat: Chunk             |     3 |     2 ||     5
       Ration            |       |     1 ||     1
Armor: Robe              |     2 |       ||     2
       Ring mail         |    32 |     2 ||    34
       Scale mail        |       |    19 ||    19
Dodge: Dodged            |    68 |    29 ||    97
       Deflected         |     1 |     1 ||     2

Table legend:
 A = Non-vault XP
 B = Vault XP
 C = Vault XP percentage of total XP
 D = Non-vault monster count
 E = Vault monster count
 F = Vault count percentage of total count
                 A         B        C        D         E       F
            +---------+---------+-------+---------+---------+-------
      Total |     324 |     133 |  29.1 |      71 |       1 |   1.4
            +---------+---------+-------+---------+---------+-------
        D:1 |      57 |       0 |   0.0 |      31 |       0 |   0.0
        D:2 |      31 |       0 |   0.0 |      21 |       0 |   0.0
        D:3 |      27 |       0 |   0.0 |      14 |       0 |   0.0
        D:4 |      93 |     133 |  58.8 |       4 |       1 |  20.0
        D:5 |     116 |       0 |   0.0 |       1 |       0 |   0.0
            +---------+---------+-------+---------+---------+-------
